AoeStats
← Admiral G

Baltic

510617532Analyzed
3v3 RM · 1d ago on Oct 1, 2026· 40m 4s· 6 players
Game mode
Random Map
Map size
Normal (6 player)
Population
200
Speed
Normal
Resources
Standard
Victory
Conquest
Starting age
Dark Age
Ending age
Imperial Age
RankedLock teamsTeams togetherTeam positionsShared explorationLock speedFull tech treeHidden civsTurbo modeCheats
Victory
Defeat
🇨🇦 Spanish · Canada
853
+16
🇪🇸 Khmer · Spain
815
+17
🇨🇴 Burgundians · Colombia
802
+17
🇩🇪 Mongols · Germany
853
-17
🇩🇪 Armenians · Germany
853
-17
🇩🇪 Huns · Germany
827
-16
paujou92
7:00 Loom
13:28 Feudal Age
13:56 Double-Bit Axe
13:53 Horse Collar
15:03 Gold Mining
15:07 Stone Mining
16:29 Wheelbarrow
22:25 Castle Age
20:52 Scale Barding Armor
20:57 Forging
21:09 Fletching
27:37 Bow Saw
36:19 Imperial Age
36:57 Tusk Swords
38:04 Conscription
38:43 Gold Shaft Mining
38:46 Hand Cart
CaminanteH
5:55 Loom
6:32 Double-Bit Axe
9:40 Horse Collar
12:26 Feudal Age
12:27 Gold Mining
15:28 Bow Saw
19:55 Castle Age
18:51 Heavy Plow
19:45 Wheelbarrow
20:15 Gold Shaft Mining
20:26 Cavalier
21:07 Husbandry
21:32 Forging
24:16 Two-Man Saw
30:44 Scale Barding Armor
42:31 Imperial Age
viquezug
9:36 Loom
14:47 Feudal Age
16:03 Wheelbarrow
15:16 Double-Bit Axe
17:35 Fishing Lines
19:13 Horse Collar
21:11 Forging
22:42 Town Watch
28:02 Castle Age
29:00 Bow Saw
30:08 Iron Casting
30:12 Heavy Plow
31:03 Medium Warships
31:49 Hand Cart
33:21 Careening
36:13 Murder Holes
37:32 Town Patrol
38:32 Fletching
39:35 Ballistics
42:21 Imperial Age
Lord_xy2
11:50 Feudal Age
10:08 Loom
13:22 Double-Bit Axe
13:18 Horse Collar
16:43 Man-at-Arms
23:02 Wheelbarrow
24:56 Castle Age
23:34 Wheelbarrow
25:16 Gold Mining
26:04 Bow Saw
28:53 Long Swordsman
29:19 Gambesons
31:36 Forging
31:32 Scale Mail Armor
31:44 Two-Handed Swordsman
32:25 Squires
34:18 Iron Casting
34:20 Champion
34:49 Arson
37:07 Chain Mail Armor
Admiral G
2:04 Loom
11:02 Feudal Age
12:46 Wheelbarrow
12:04 Double-Bit Axe
13:00 Wheelbarrow
12:43 Horse Collar
17:15 Town Watch
20:21 Castle Age
18:36 Gold Mining
18:36 Stone Mining
21:02 Forging
20:58 Scale Barding Armor
22:11 Hand Cart
22:15 Bow Saw
24:30 Heavy Plow
25:10 Gold Shaft Mining
25:10 Stone Shaft Mining
33:20 Pikeman
34:00 Squires
39:42 Fletching
noHotkeys
0:30 Loom
12:13 Feudal Age
13:20 Double-Bit Axe
13:24 Town Watch
14:03 Stone Mining
18:50 Castle Age
18:55 Fletching
18:55 Fishing Lines
20:13 Bodkin Arrow
20:24 Gillnets
21:03 Bow Saw
26:13 Scale Barding Armor
26:58 Medium Warships
30:20 Gold Mining
Connection lost

Rejoining the realm…

Still unreachable

The connection could not be restored.

Session expired

The server has moved on; the page needs a fresh start.